 Dungeon Crawl Stone Soup version 0.24.0-37-gcf1ca852f1 (webtiles) character file.

Game seed: 8368756836962917513, levelgen mode: deterministic

39 Descartes the Sneak (level 3, -11/17 HPs)
             Began as a Felid Monk on Nov 24, 2019.
             Killed by divine providence
             ... invoked by an orc priest
              (14 damage)
             ... on level 4 of the Dungeon.
             The game lasted 00:02:20 (1589 turns).

Descartes the Sneak (Felid Monk)                    Turns: 1589, Time: 00:02:21

Health: -11/17     AC:  1    Str:  7    XL:     3   Next: 26%
Magic:  4/4        EV: 20    Int: 11    God:
Gold:   74         SH:  0    Dex: 19    Spells: 2/2 levels left
                                        Lives:  0   Deaths: 0

rFire    . . .     SeeInvis +     - Unarmed
rCold    . . .     Gourm    .   (shield unavailable)
rNeg     . . .     Faith    .   (armour unavailable)
rPois    .         Spirit   .   (helmet unavailable)
rElec    .         Reflect  .   (cloak unavailable)
rCorr    .         Harm     .   (gloves unavailable)
MR       .....                  (boots unavailable)
Stlth    +++.......             (no amulet)
HPRegen  0.05/turn              (no ring)
MPRegen  0.09/turn              (no ring)

@: slowed, slow
A: very small, no armour, no weapons or thrown items, stealth, claws 1, fangs 3,
see invisible, carnivore, speed 1, shaggy fur 1, slow metabolism 1, sharp paws
a: no special abilities


You were on level 4 of the Dungeon.
You were very full.

You visited 1 branch of the dungeon, and saw 3 of its levels.

You collected 74 gold pieces.

Inventory:

Missiles
 b - 52 stones
Scrolls
 c - 2 scrolls of teleportation {unknown}
 d - a scroll of identify {unknown}
Comestibles
 a - 2 rations
 f - 6 chunks of flesh


   Skills:
 - Level 3.0 Fighting
 - Level 4.0 Dodging
 * Level 4.7 Stealth
 + Level 3.4 Unarmed Combat


You had 2 spell levels left.
You didn't know any spells.
Your spell library was empty.

Dungeon Overview and Level Annotations

Branches:
Dungeon (2/15)

Altars:


Innate Abilities, Weirdness & Mutations

You cannot wear armour.
You are incapable of wielding weapons or throwing items.
Your paws allow you to move quietly. (Stealth)
You have sharp claws.
You have razor-sharp teeth.
You have supernaturally acute eyesight. (SInv)
You are carnivorous and can eat meat at any time.
You cover ground quickly.
You are covered in fur. (AC +1)
You have a slow metabolism.
Your sharp claws are effective at attacking unaware monsters.


Message History

You scratch the orc priest.
The orc priest is severely wounded.
The orc wizard closely misses you.
The orc wizard hits you with a +0 vampiric dagger.
You scratch the orc priest but do no damage.
You bite the orc priest.
The orc priest is almost dead.
The orc priest mumbles some strange prayers to Beogh against you.
Pain shoots through your body!
* * * LOW HITPOINT WARNING * * *
The orc wizard gestures at you while chanting.
You feel yourself slow down. The orc wizard casts a spell at you.
You resist with some effort.
You barely miss the orc priest.
The orc priest is almost dead.
The orc priest calls down the wrath of Beogh upon you.
Beogh smites you!
Ouch! That really hurt!
You die...

##### .>..
#####..#
#...<..#
#...oo.#
#.#####@##.#
#.....o....#
#######.####
#.# #.# #.#
#.# ... ..#


You could see an orc priest and 2 orc wizards.

Vanquished Creatures
  An adder (D:2)
  A ball python (D:2)
  2 giant cockroaches (D:2)
  2 goblins (D:2)
  5 hobgoblins
  3 jackals (D:2)
  4 bats
  A frilled lizard (D:2)
  5 kobolds
  3 rats (D:1)
27 creatures vanquished.

Notes
Turn   | Place    | Note
-------+----------+-------------------------------------------
     0 | D:1      | Descartes the Felid Monk began the quest for the Orb.
     0 | D:1      | Reached XP level 1. HP: 10/10 MP: 2/2
   547 | D:1      | Reached XP level 2. HP: 14/14 MP: 3/3
   893 | D:2      | Found a faded altar of an unknown god.
  1518 | D:2      | Reached XP level 3. HP: 17/17 MP: 4/4
  1579 | D:2      | You fall into a shaft and drop 2 floors!
  1589 | D:4      | Killed from afar by an orc priest

Levels and vault maps discovered:
D:1:      dpeg_arrival_oval, layout_loops_ring, chequers_arboretum
D:2:      layout_loops_ring, chequers_ecumenical_altar_grove, first_ration
D:4:      layout_basic, minmay_temple_entry_grid

Skill      XL: |  1  2 |
---------------+-------+-----
Stealth        | 3 4 |  4.7
Fighting       | |  3.0
Dodging        | |  4.0
Unarmed Combat | |  3.4

Action                   || total
-------------------------++-------
Melee: Unarmed           ||    88
       Bite              ||     9
       Punch             ||     1
  Use: Potion            ||     1
 Stab: Sleeping          ||     3
  Eat: Chunk             ||     8
Armor: Skin              ||     6
Dodge: Dodged            ||    81
